 Dungeon Crawl Stone Soup version 0.21-a0-516-gaaff437 (webtiles) character file.

31 esteth the Conjurer (level 3, -4/28 HPs)
             Began as a Gnoll Wanderer on Dec 3, 2017.
             Slain by a gnoll
             ... wielding a +1 whip of electrocution
              (9 damage)
             ... on level 1 of the Dungeon.
             The game lasted 00:02:37 (845 turns).

esteth the Conjurer (Gnoll Wanderer)                 Turns: 845, Time: 00:02:38

Health: -4/28      AC:  3    Str: 13    XL:     3   Next: 22%
Magic:  9/9        EV: 11    Int: 17    God:
Gold:   65         SH:  0    Dex: 13    Spells: 12/12 levels left

rFire    . . .     SeeInvis .   a - +2 dagger
rCold    . . .     Gourm    .   (no shield)
rNeg     . . .     Faith    .   h - +0 leather armour
rPois    .         Spirit   .   (no helmet)
rElec    .         Reflect  .   (no cloak)
rCorr    .         Harm     .   (no gloves)
MR       .....                  (no boots)
Stlth    ++........             (no amulet)
HPRegen  0.09/turn              (no ring)
MPRegen  0.11/turn              (no ring)

@: no status effects
A: distributed training, fangs 1, strong nose
a: no special abilities


You were on level 1 of the Dungeon.
You were not hungry.

You visited 1 branch of the dungeon, and saw 2 of its levels.

You collected 65 gold pieces.

Inventory:

Hand Weapons
 a - a +2 dagger (weapon)
 c - a +0 hand axe
Armour
 e - a +0 robe
 h - a +0 leather armour (worn)
Scrolls
 g - 2 scrolls of remove curse {unknown}
Potions
 d - a potion of lignification
 j - a potion of degeneration {unknown}
 k - a potion of flight {unknown}
Comestibles
 f - a bread ration
 i - a chunk of flesh


   Skills:
 + Level 2.5 Fighting
 + Level 0.6 Short Blades
 + Level 0.6 Long Blades
 + Level 0.6 Axes
 + Level 0.6 Maces & Flails
 + Level 0.6 Polearms
 + Level 0.6 Staves
 + Level 0.6 Slings
 + Level 2.5 Bows
 + Level 0.6 Crossbows
 + Level 0.6 Throwing
 + Level 2.5 Armour
 + Level 0.6 Dodging
 + Level 4.1 Stealth
 + Level 0.6 Shields
 + Level 0.6 Unarmed Combat
 + Level 5.0 Spellcasting
 + Level 5.4 Conjurations
 + Level 0.4 Hexes
 + Level 0.4 Charms
 + Level 0.4 Summonings
 + Level 0.4 Necromancy
 + Level 0.4 Translocations
 + Level 0.4 Transmutations
 + Level 0.4 Fire Magic
 + Level 0.4 Ice Magic
 + Level 0.4 Air Magic
 + Level 0.4 Earth Magic
 + Level 0.4 Poison Magic
 + Level 0.8 Invocations
 + Level 0.6 Evocations


You had 12 spell levels left.
You didn't know any spells.

Dungeon Overview and Level Annotations

Branches:
Dungeon (2/15)

Altars:


Innate Abilities, Weirdness & Mutations

Your experience applies equally to all skills.
You have very sharp teeth.
Your uncanny sense of smell can sniff out nearby items.


Message History

You feel much better.
The gnoll hits you with a whip of electrocution.
You barely miss the gnoll.
The gnoll is lightly wounded.
The gnoll closely misses you.
You hit the gnoll.
The gnoll is moderately wounded.
The gnoll closely misses you.
You hit the gnoll but do no damage.
The gnoll is moderately wounded.
The gnoll hits you with a whip of electrocution.
You hit the gnoll.
The gnoll is heavily wounded.
The gnoll hits you but does no damage.
You are electrocuted!
Ouch! That really hurt!
* * * LOW HITPOINT WARNING * * *
You closely miss the gnoll. You bite the gnoll, but do no damage.
The gnoll is heavily wounded.
The gnoll hits you with a whip of electrocution!
You die...

#..# #.....(....
#######.###..........
#....#..............#
#......#...#....(....
#....###.............
##....##........(....
#...................
#....##...รท.........
#..@.##.##..........
#..g................
#......#####........
#.....## #.(...#..
#.....# ##.#.....
#.....# #.......
##.##.# ##...#...
#.##.# #..#.....
#.##.# ##.###...#


You could see a gnoll.

Vanquished Creatures
  A dart slug (D:1)
  2 leopard geckos (D:1)
  2 ball pythons (D:1)
  A giant cockroach (D:1)
  4 goblins (D:1)
  A hobgoblin (D:1)
  5 kobolds
  3 bats (D:1)
  5 frilled lizards (D:1)
  2 rats (D:1)
26 creatures vanquished.

Notes
Turn   | Place    | Note
-------+----------+-------------------------------------------
     0 | D:1      | esteth the Gnoll Wanderer began the quest for the Orb.
     0 | D:1      | esteth set off with: a +2 dagger, a potion of heal wounds, a +0 hand axe, a potion of lignification, a +0 robe, a bread ration
     0 | D:1      | Reached XP level 1. HP: 17/17 MP: 6/6
    66 | D:1      | Reached XP level 2. HP: 22/23 MP: 7/7
   481 | D:1      | Reached XP level 3. HP: 28/28 MP: 9/9
   525 | D:1      | Reached skill level 5 in Spellcasting
   845 | D:1      | Slain by a gnoll

Vault maps used:
D:1:      scummos_arrival_star, minmay_misc_feat_ornament
D:2:      minivault_19

Skill      XL: |  1  2  3 |
---------------+----------+-----
Spellcasting   | 5 |  5.0
Fighting       | |  2.5
Short Blades   | |  0.6
Long Blades    | |  0.6
Axes           | |  0.6
Maces & Flails | |  0.6
Polearms       | |  0.6
Staves         | |  0.6
Slings         | |  0.6
Bows           | |  2.5
Crossbows      | |  0.6
Throwing       | |  0.6
Armour         | |  2.5
Dodging        | |  0.6
Stealth        | |  4.1
Shields        | |  0.6
Unarmed Combat | |  0.6
Conjurations   | |  5.4
Hexes          | |  0.4
Charms         | |  0.4
Summonings     | |  0.4
Necromancy     | |  0.4
Translocations | |  0.4
Transmutations | |  0.4
Fire Magic     | |  0.4
Ice Magic      | |  0.4
Air Magic      | |  0.4
Earth Magic    | |  0.4
Poison Magic   | |  0.4
Invocations    | |  0.8
Evocations     | |  0.6

Action                   || total
-------------------------++-------
Melee: Dagger            ||    73
       Bite              ||     4
  Use: Potion            ||     1
 Stab: Sleeping          ||     8
       Distracted        ||     1
Armor: Leather armour    ||    21
Dodge: Dodged            ||    68

Table legend:
 A = Spawn XP
 B = Non-spawn XP
 C = Spawn XP percentage of total XP
 D = Spawn monster count
 E = Non-spawn monster count
 F = Spawn count percentage of total count
 G = Total turns spent on level
                    A         B        C        D         E        F      G
               +---------+---------+-------+---------+---------+-------+---------
         Total |       0 |      45 |   0.0 |       0 |      26 |   0.0 |   845
               +---------+---------+-------+---------+---------+-------+---------
           D:1 |       0 |      44 |   0.0 |       0 |      25 |   0.0 |   750
           D:2 |       0 |       1 |   0.0 |       0 |       1 |   0.0 |    95
               +---------+---------+-------+---------+---------+-------+---------
